 Dungeon Crawl Stone Soup version 0.29.1-12-g30fa7ad0bf (webtiles) character file.

Game seed: 357889363562849029

18492 MacCMillion the Summoner (level 12, -5/94 HPs)
             Began as an Octopode Summoner on Jan 2, 2023.
             Was an Initiate of Gozag.
             Slain by an eight-headed hydra (17 damage)
             ... on level 1 of the Lair of Beasts.
             The game lasted 00:56:46 (13717 turns).

MacCMillion the Summoner (Octopode Summoner)       Turns: 13717, Time: 00:56:47

Health: -5/94      AC:  1    Str: 13    XL:     12   Next: 59%
Magic:  11/24      EV: 19    Int: 23    God:    Gozag
Gold:   999        SH:  0    Dex: 18    Spells: 6/27 levels left

rFire   . . .      SeeInvis .   D - +1 spear (freeze)
rCold   + . .      Faith    .   (no shield)
rNeg    + . .      Spirit   .   (helmet restricted)
rPois   .          Reflect  .   f - amulet of the acrobat
rElec   .          Harm     .   g - +6 ring of dexterity
rCorr   .          Rampage  .   s - ring of positive energy
Will    .....                   k - +6 ring of strength
Stlth   +++.......              M - ring of protection from cold
HPRegen 0.25/turn               (no ring)
MPRegen 0.19/turn               (no ring)
                                (no ring)
                                (no ring)

@: studying Poison Magic
A: almost no armour, amphibious, 8 rings, camouflage 1, gelatinous body 1,
(nimble swimmer 1), tentacles, fangs 1, robust 1
a: Renounce Religion, Potion Petition, Call Merchant, Bribe Branch


You were on level 1 of the Lair of Beasts.
You worshipped Gozag.
Gozag was pleased with you.
You visited 3 branches of the dungeon, and saw 12 of its levels.
You also visited: Sewer and Bailey.

You collected 1195 gold pieces.
You paid 196 gold pieces to Gozag.

Inventory:

Hand Weapons
 d - a +0 dagger
 u - a +0 sling
 B - the +4 mace "Xidad" {spect, Will+ Int+2 Dex+4 Stlth+}
   (You found it on level 5 of the Dungeon)

   When its wielder attacks, the weapon's spirit leaps out and strikes again.
   The spirit shares a part of any damage it takes with its wielder.
   Int:       It affects your intelligence (+2).
   Dex:       It affects your dexterity (+4).
   Will:      It increases your willpower.
   Stlth:     It makes you more stealthy.
 D - a +1 spear of freezing (weapon)
Armour
 j - a +0 buckler
Jewellery
 f - an amulet of the acrobat (around mantle)
 g - a +6 ring of dexterity (left tentacle)
 k - a +6 ring of strength (on tentacle)
 n - an amulet of reflection
 s - a ring of positive energy (right tentacle)
 H - a +4 ring of protection
 M - a ring of protection from cold (on tentacle)
 P - a ring of flight
Wands
 l - a wand of acid (5)
 F - a wand of flame (29)
Scrolls
 e - a scroll of enchant weapon
 h - 2 scrolls of amnesia
 i - 2 scrolls of torment
 o - 4 scrolls of teleportation
 p - 4 scrolls of fear
 y - a scroll of noise
 C - 2 scrolls of blinking
 E - a scroll of poison
 G - a scroll of immolation {unknown}
 J - a scroll of magic mapping
 O - a scroll of enchant armour {unknown}
Potions
 a - 4 potions of magic
 b - 3 potions of heal wounds
 c - 4 potions of haste
 m - 4 potions of brilliance
 q - a potion of attraction {unknown}
 r - 3 potions of cancellation
 t - a potion of berserk rage {unknown}
 v - 6 potions of might
 w - 3 potions of mutation
 x - a potion of curing
 z - a potion of ambrosia {unknown}
 A - 3 potions of lignification
 K - 3 potions of flight
 N - a potion of degeneration {unknown}
Miscellaneous
 I - a lightning rod (4/4)


   Skills:
 + Level 9.6 Fighting
 + Level 9.9 Dodging
 - Level 3.0 Stealth
 - Level 8.0 Spellcasting
 - Level 3.0 Hexes
 - Level 10.0 Summonings
 * Level 0.1 Transmutations
 - Level 7.0 Air Magic


You had 6 spell levels left.
You knew the following spells:

 Your Spells              Type           Power      Damage    Failure   Level
a - Summon Small Mammal   Summ           100%       N/A       1%          1
b - Call Canine Familiar  Summ           53%        N/A       1%          3
c - Summon Guardian Gole  Hex/Summ       39%        N/A       1%          3
d - Summon Lightning Spi  Summ/Air       48%        N/A       1%          4
e - Swiftness             Air            41%        N/A       1%          3
f - Dragon Form           Tmut           5%         N/A       100%        7

Your spell library contained the following spells:

 Spells                   Type           Power      Damage    Failure   Level
 Shock                    Conj/Air       100%       1d9       1%          1
 Slow                     Hex            92%        N/A       1%          1
 Call Imp                 Summ           53%        N/A       1%          2
 Airstrike                Air            20%        2d(3-19)  3%          4
 Confusing Touch          Hex            23%        N/A       6%          3
 Sandblast                Erth           18%        2d7       7%          1
 Mephitic Cloud           Conj/Pois/Air  19%        N/A       9%          3
 Passwall                 Tmut/Erth      7%         N/A       10%         2
 Dazzling Flash           Conj/Hex       32%        N/A       11%         3
 Ignite Poison            Fire/Tmut/Pois 9%         N/A       21%         3
 Ozocubu's Armour         Ice            9%         N/A       21%         3
 Stone Arrow              Conj/Erth      18%        3d8       21%         3
 Vampiric Draining        Necr           9%         2d6       21%         3
 Cause Fear               Hex            11%        N/A       21%         4
 Silence                  Hex/Air        16%        N/A       24%         5
 Iskenderun's Mystic Bla  Conj/Tloc      9%         2d4       56%         4
 Freezing Cloud           Conj/Ice/Air   9%         6-21      58%         5
 Metabolic Englaciation   Hex/Ice        8%         N/A       71%         5
 Agony                    Necr           9%         N/A       88%         5
 Starburst                Conj/Fire      4%         6d4       100%        6
 Orb of Destruction       Conj           4%         9d5       100%        7
 Spellforged Servitor     Conj/Summ      16%        N/A       100%        7
 Dragon's Call            Summ           26%        N/A       100%        9
 Simulacrum               Ice/Necr       Unusable   N/A       N/A         6

Dungeon Overview and Level Annotations

Branches:
Dungeon (10/15)            Temple (1/1) D:7            Lair (1/5) D:8
  Sewer (visited)          Bailey (visited)
    Orc: D:9-12

Altars:
Ashenzari
Dithmenos
Elyvilon
Fedhas
Gozag
Hepliaklqana
Kikubaaqudgha
Makhleb
Nemelex Xobeh
Okawaru
Ru
Sif Muna
Trog
Uskayaw
Vehumet
Wu Jian
Xom
Yredelemnul
Zin
The Shining One

Annotations:
D:5 !centaur, Grinder
D:10 Nergalle


Innate Abilities, Weirdness & Mutations

You cannot wear most types of armour.
You are amphibious.
You can wear up to eight rings at the same time.
Your skin changes colour to match your surroundings (Stealth+).
Your rubbery body absorbs attacks. (AC +1, EV +1)
((You are camouflaged when in or above water. (Stealth+)))
You have tentacles for arms and can constrict up to eight enemies at once.
You have very sharp teeth.
You are robust. (+10% HP)


Message History

Confirm with . or Enter, or press ? or * to list all spells.
An electric hum fills the air.
The eight-headed hydra bites your guardian golem! x3
The eight-headed hydra bites your guardian golem.
The eight-headed hydra bites your guardian golem!
The eight-headed hydra bites your guardian golem!!
Your guardian golem is destroyed!
Your guardian golem disappears in a puff of smoke!
Your lightning spire shoots out a bolt of lightning at the eight-headed hydra!
The bolt of electricity hits the eight-headed hydra!
Casting: Summon Lightning Spire (mildly dangerous; 1% risk of failure)
Confirm with . or Enter, or press ? or * to list all spells.
The eight-headed hydra bites you!
The eight-headed hydra closely misses you.
The eight-headed hydra bites you.
The eight-headed hydra completely misses you.
The eight-headed hydra barely misses you.
The eight-headed hydra closely misses you.
The eight-headed hydra misses you. The eight-headed hydra bites you!
Your wolf bites the eight-headed hydra.
Casting: Call Canine Familiar (safe; 1% risk of failure)
Confirm with . or Enter, or press ? or * to list all spells.
A guardian golem appears, shielding your allies.
Your wolf bites the eight-headed hydra!
The eight-headed hydra bites you. The eight-headed hydra bites you!
The eight-headed hydra barely misses you.
The eight-headed hydra closely misses you.
The eight-headed hydra bites you!
* * * LOW HITPOINT WARNING * * *
The eight-headed hydra barely misses you.
The eight-headed hydra misses you. x2
The eight-headed hydra attacks as you move away!
The eight-headed hydra barely misses you.
The eight-headed hydra bites you!
* * * LOW HITPOINT WARNING * * *
The eight-headed hydra bites you.
* * * LOW HITPOINT WARNING * * *
The eight-headed hydra bites you!
You die...
Your body crumbles into a pile of gold.

#...#..#.# #... #
#...#..#.## ###..####
#...#..#..#######.#...##.
#................).......
#...#..#.................
#....##..................
#.......h......######.#..
#..#.#..D##8#..# ###..
#.#..#9.@# ##..# #..
#........# #..# ######..
#.#......# #..###.##.#..
#.#..+...## #............
#....#....# #...####P###.
#........## #...# ### ##
#........# #...# ##.
#........####...#######.#
#........................


You could see an eight-headed hydra (ally target), a friendly guardian golem
(summoned) and a friendly wolf (summoned, sheltered).

Vanquished Creatures
  A kobold demonologist (D:10)
  A yak (Lair:1)
  A howler monkey (D:10)
  A gnoll bouda (D:7)
  2 iguanas (D:5)
  A gnoll (Bailey)
  5 orcs
  2 bats
  7 giant cockroaches (Sewer)
  10 goblins
  4 hobgoblins
  A jackal (D:2)
  2 quokkas (Sewer)
  A ball python (D:2)
  10 frilled lizards
  2 kobolds (D:7)
51 creatures vanquished.

Vanquished Creatures (collateral kills)
  A cane toad (Lair:1)
  A komodo dragon (Lair:1)
  A kobold demonologist (D:10)
  A troll (D:8)
  A dream sheep (D:7)
  7 yaks
  A wyvern (D:7)
  2 steam dragons
  Menkaure (D:4)
  2 water moccasins (D:8)
  8 orc warriors
  An ice beast (D:6)
  A sky beast (D:8)
  2 black bears (D:8)
  3 centaurs
  9 bullfrogs
  3 kobold brigands
  A scorpion (D:6)
  2 wights
  5 killer bees (D:9)
  5 hounds
  6 orc priests
  3 jellies
  Terence (D:2)
  2 iguanas
  Natasha (thrice) (D:4)
  6 orc wizards
  Robin (D:3)
  6 gnolls (Bailey)
  6 adders
  3 white imps
  2 ufetubi
  3 worms
  4 dart slugs
  20 orcs
  12 ball pythons
  3 bats
  9 endoplasms
  2 giant cockroaches (D:1)
  12 hobgoblins
  6 jackals
  14 kobolds
  4 quokkas
  7 frilled lizards
  26 goblins
  6 rats
225 creatures vanquished.

Vanquished Creatures (others)
  An orc warlord (Bailey)
  2 two-headed ogres (D:9)
  2 yaks
  4 black bears
  3 orc warriors (Bailey)
  A bullfrog (D:8)
  4 wights (D:6)
  A goblin (Bailey)
  33 fungi
  45 plants
96 creatures vanquished.

Grand Total: 372 creatures vanquished

Notes
Turn   | Place    | Note
-------+----------+-------------------------------------------
     0 | D:1      | MacCMillion the Octopode Summoner began the quest for the
                  | Orb.
     0 | D:1      | Reached XP level 1. HP: 11/11 MP: 3/3
   167 | D:1      | Reached XP level 2. HP: 17/17 MP: 5/5
   420 | D:1      | You fall into a shaft and drop 1 floor!
   449 | D:2      | Reached XP level 3. HP: 21/21 MP: 4/6
  1200 | D:2      | Noticed Terence
  1280 | D:2      | Reached skill level 5 in Summonings
  1280 | D:2      | Reached XP level 4. HP: 27/27 MP: 3/8
  1285 | D:2      | Learned a level 3 spell: Call Canine Familiar
  1289 | D:2      | Learned a level 3 spell: Summon Guardian Golem
  1576 | D:2      | Found a faded altar of an unknown god.
  1638 | D:2      | Killed Terence
  2060 | D:3      | Reached XP level 5. HP: 31/31 MP: 6/9
  2406 | D:3      | Found a glowing silver altar of Zin.
  3385 | D:3      | Noticed Robin
  3393 | D:3      | Reached skill level 6 in Summonings
  3410 | D:3      | Killed Robin
  3969 | D:4      | Reached XP level 6. HP: 36/36 MP: 9/11
  4055 | D:4      | Found a shimmering altar of Xom.
  4058 | D:4      | Noticed Natasha
  4073 | D:4      | Killed Natasha
  4143 | D:4      | Found a blossoming altar of Fedhas.
  4148 | D:4      | Found a white marble altar of Elyvilon.
  4158 | D:4      | Noticed Menkaure
  4180 | D:4      | Killed Menkaure
  4181 | D:4      | Reached skill level 1 in Hexes
  4523 | D:4      | Reached XP level 7. HP: 29/41 MP: 9/12
  4878 | D:4      | Noticed Natasha
  4882 | D:4      | Killed Natasha
  4971 | D:4      | Reached skill level 7 in Summonings
  5130 | D:5      | Entered Level 5 of the Dungeon
  5136 | D:5      | Learned a level 4 spell: Summon Lightning Spire
  5205 | D:5      | Noticed Grinder
  5852 | D:4      | Noticed Natasha
  5859 | D:4      | Killed Natasha
  6082 | D:5      | Identified the +4 mace "Xidad" {spect, Will+ Int+2 Dex+4
                  | Stlth+}
  6105 | D:5      | Reached XP level 8. HP: 45/46 MP: 11/14
  6383 | D:6      | Reached skill level 8 in Summonings
  6383 | D:6      | Reached skill level 1 in Air Magic
  6417 | D:6      | Found a glowing drain.
  6433 | Sewer    | Entered a sewer
  6722 | Sewer    | Reached skill level 1 in Fighting
  6938 | D:6      | Reached skill level 5 in Spellcasting
  7505 | D:6      | Reached XP level 9. HP: 49/55 MP: 8/16
  8112 | D:7      | Reached skill level 9 in Summonings
  8236 | D:7      | Found a staircase to the Ecumenical Temple.
  8245 | Temple   | Entered the Ecumenical Temple
  8445 | D:7      | Found a flagged portal.
  8464 | Bailey   | Entered a bailey
  9201 | Bailey   | Reached XP level 10. HP: 63/63 MP: 10/19
  9337 | Bailey   | Reached skill level 10 in Summonings
  9344 | Bailey   | Noticed an orc warlord
  9721 | Bailey   | Killed an orc warlord
  9722 | Bailey   | Reached skill level 5 in Dodging
  9722 | Bailey   | Reached skill level 5 in Air Magic
 10358 | D:8      | Found an opulent altar of Gozag.
 10364 | D:8      | Became a worshipper of Gozag Ym Sagoz the Greedy
 10383 | D:8      | Reached skill level 5 in Fighting
 11012 | D:8      | Found a staircase to the Lair.
 11372 | D:9      | Found a sacrificial altar of Ru.
 11405 | D:9      | Noticed a two-headed ogre
 11406 | D:9      | Noticed a two-headed ogre
 11416 | D:9      | Killed a two-headed ogre
 11417 | D:9      | Reached XP level 11. HP: 72/72 MP: 16/22
 11421 | D:9      | Killed a two-headed ogre
 12634 | D:9      | Learned a level 3 spell: Swiftness
 12645 | D:10     | Entered Level 10 of the Dungeon
 12645 | D:10     | Found a burning altar of Makhleb.
 12646 | D:10     | Noticed Nergalle
 12717 | D:10     | Gained mutation: You have very sharp teeth. [potion of
                  | mutation]
 12717 | D:10     | Gained mutation: You are robust. (+10% HP) [potion of
                  | mutation]
 13265 | Lair:1   | Entered Level 1 of the Lair of Beasts
 13548 | D:8      | Reached XP level 12. HP: 94/94 MP: 24/24
 13557 | D:8      | Learned a level 7 spell: Dragon Form
 13697 | Lair:1   | Noticed an eight-headed hydra
 13717 | Lair:1   | Slain by an eight-headed hydra

Illustrated notes

Levels and vault maps discovered:
D:1:      onia_arrival_pyramid, layout_rooms
D:2:      layout_basic, dreamdust_ecumenical_altar_grove, uniq_terence
D:3:      kennysheep_goblin_castle, layout_rooms,
          mainiacjoe_overflow_surrounded_room, serial_curves, eino_curves_02,
          eino_curves_03, hex_large, amcnicky_mini_rare_corridor_liquid
D:4:      layout_loops_ring, mainiacjoe_overflow_concentric_impassable,
          minitemple, serial_bayou_ford_a, uniq_natasha, uniq_menkaure
D:5:      layout_loops_cross, uniq_grinder
D:6:      layout_basic, cheibrodos_sewer_entry_bend, kennysheep_generic_room_11
D:7:      layout_basic, minmay_temple_entry_junction, enter_bailey_5,
          dreamdust_gnoll_shepherd
D:8:      layout_basic, lemuel_crystal_altar, due_lair_maze_entry_diamond
D:9:      layout_loops_corners, nicolae_ru_path_of_blood, minmay_misc_feat_five,
          kennysheep_generic_room_5
D:10:     layout_loops_ring, mainiacjoe_overflow_chevrons,
          mainiacjoe_overflow_paths, general_overflow_altar,
          gammafunk_ghost_ooze, uniq_nergalle
Temple:   dshaligram_water_room_temple
Lair:1:   layout_chaotic_city, grunt_megastairs_1

Skill      XL: |  1  2  3  4  5  6  7  8  9 10 11 |
---------------+----------------------------------+-----
Stealth        | 3 |  3.0
Summonings     | 5 6 7 8 9 10 | 10.0
Spellcasting   | 3 4 5 6 7 8 |  8.0
Hexes          | 1 3 |  3.0
Air Magic      | 2 4 6 7 |  7.0
Fighting       | 2 4 5 9 |  9.6
Dodging        | 3 4 6 9 |  9.9
Transmutations | |  0.1

Action                   |  1- 3 |  4- 6 |  7- 9 | 10-12 || total
-------------------------+-------+-------+-------+-------++-------
Melee: Constrict         |     2 |     9 |     8 |     4 ||    23
       Unarmed           |     1 |       |       |       ||     1
       Spear             |     3 |    39 |    48 |    29 ||   119
       Tentacles         |       |     4 |     7 |     8 ||    19
       Punch             |       |       |       |     1 ||     1
       Bite              |       |       |       |     1 ||     1
 Fire: Sling             |       |     1 |    56 |       ||    57
 Cast: Summon Small Mamm |    43 |     8 |    10 |     5 ||    66
       Call Canine Famil |       |    30 |    46 |    27 ||   103
       Summon Guardian G |       |     2 |    18 |    25 ||    45
       Summon Lightning  |       |       |     7 |    22 ||    29
Evoke: Wand              |       |       |     2 |       ||     2
  Use: Scroll            |       |       |     8 |     7 ||    15
       Potion            |       |       |       |     3 ||     3
 Stab: Distracted        |     1 |     1 |     1 |       ||     3
       Sleeping          |       |     2 |       |       ||     2
Armor: Skin              |       |     3 |     1 |     2 ||     6
Dodge: Dodged            |    11 |    22 |    38 |    82 ||   153
